 Dungeon Crawl Stone Soup version 0.30.0-13-g156ef70053 (webtiles) character file.

Game seed: 9843965822653659694

2291 Kranky the Trooper (level 9, -1/80 HPs)
             Began as a Minotaur Gladiator on May 17, 2023.
             Was an Initiate of Qazlal.
             Slain by an orc warrior (8 damage)
             ... in a bailey.
             The game lasted 00:10:25 (6093 turns).

Kranky the Trooper (Minotaur Gladiator)             Turns: 6093, Time: 00:10:26

Health: -1/80      AC:  9    Str: 23    XL:     9   Next: 17%
Magic:  8/8        EV: 11    Int: 15    God:    Qazlal [......]
Gold:   295        SH:  5    Dex: 12    Spells: 8/8 levels left

rFire   . . .        t - +0 war axe "Zoimugoh" {freeze, Contam Drain Will+++ Int+4}
rCold   . . .        i - +0 buckler
rNeg    . . .        j - +0 ring mail
rPois   +            c - +0 hat
rElec   .            F - +0 cloak
rCorr   .            v - +0 pair of gloves
SInv    .            (no boots)
Will    +++..        g - amulet of magic regeneration
Stlth   +            C - ring of poison resistance
HPRegen 0.33/turn    y - +6 ring of intelligence
MPRegen 0.51/turn

%: no passive effects
@: studying Air Magic, very slow
A: horns 2, retaliatory headbutt
a: Renounce Religion


You were in a bailey.
You worshipped Qazlal.
Qazlal was noncommittal.
You visited 2 branches of the dungeon, and saw 8 of its levels.
You also visited: Bailey.

You collected 295 gold pieces.

Inventory:

Hand Weapons
 a - a +0 trident
 t - the +0 war axe "Zoimugoh" (weapon) {freeze, Contam Drain Will+++ Int+4}
   (You found it on level 3 of the Dungeon)

   Int:       It affects your intelligence (+4).
   Contam:    It causes magical contamination when unequipped.
   Drain:     It drains your maximum health when unequipped.
   Will:      It greatly increases your willpower.
Missiles
 d - 3 throwing nets (quivered)
 e - a javelin
Armour
 b - a +0 leather armour
 c - a +0 hat (worn)
 i - a +0 buckler (worn)
 j - a +0 ring mail (worn)
 v - a +0 pair of gloves (worn)
 F - a +0 cloak (worn)
Jewellery
 g - an amulet of magic regeneration (around neck)
 y - a +6 ring of intelligence (right hand)
 C - a ring of poison resistance (left hand)
Wands
 r - a wand of acid (3)
 w - a wand of polymorph (14)
 B - a wand of charming (9)
Scrolls
 f - 2 scrolls of enchant armour {unknown}
 h - 4 scrolls of identify {unknown}
 o - 4 scrolls of blinking {unknown}
 p - 4 scrolls of amnesia {unknown}
 s - a scroll of magic mapping {unknown}
 A - 3 scrolls of teleportation {unknown}
 D - 3 scrolls of noise {unknown}
 E - a scroll of vulnerability {unknown}
Potions
 k - 5 potions of degeneration {unknown}
 l - 5 potions of heal wounds {unknown}
 m - a potion of curing
 n - a potion of cancellation {unknown}
 q - 2 potions of berserk rage {unknown}
 u - 3 potions of flight {unknown}
 x - 3 potions of lignification {unknown}
 z - a potion of resistance {unknown}
 G - a potion of attraction {unknown}


   Skills:
 + Level 7.7 Fighting
 + Level 6.1(7.0) Axes
 - Level 5.1(6.5) Polearms
 - Level 3.5 Throwing
 + Level 7.2 Armour
 - Level 3.2 Dodging
 - Level 6.0 Shields
 + Level 0.4 Evocations


You had 8 spell levels left.
You didn't know any spells.
Your spell library contained the following spells:

 Spells                   Type           Power      Damage    Failure   Level
 Freeze                   Ice            0%         1d3       43%         1
 Frozen Ramparts          Ice            0%         1d1       82%         3
 Hailstorm                Conj/Ice       0%         3d3       82%         3
 Inner Flame              Hex/Fire       0%         N/A       82%         3
 Yara's Violent Unravell  Hex/Tmut       0%         3d3       100%        5
 Enfeeble                 Hex            0%         N/A       100%        7


Dungeon Overview and Level Annotations

Branches:
Dungeon (7/15)             Temple (1/1) D:6          Bailey (1/1)

Altars:
Cheibriados
Dithmenos
Elyvilon
Gozag
Hepliaklqana
Kikubaaqudgha
Makhleb
Okawaru
Qazlal
Ru
Trog
Uskayaw
Vehumet
Zin

Shops:
D:6 [

Annotations:
D:2 Sigmund


Innate Abilities, Weirdness & Mutations

You have a pair of horns on your head.
You reflexively headbutt those who attack you in melee.


Message History

The orc warrior hits you.
* * * LOW HITPOINT WARNING * * *
Unknown command.
You barely miss the orc warrior.
The orc warrior is heavily wounded.
You hit the orc warrior. You freeze the orc warrior.
You kill the orc warrior!
Qazlal accepts your kill.
You hear a splash. x2
The orc warrior closely misses you.
You closely miss the orc warrior.
The orc warrior is heavily wounded.
You block the orc warrior's attack. The orc warrior hits you.
* * * LOW HITPOINT WARNING * * *
Unknown command.
Your unstable footing causes you to fumble your attack.
The orc warrior hits you but does no damage.
Unknown command.
You closely miss the orc warrior. Your headbutt misses the orc warrior.
The orc warrior is moderately wounded.
The orc warrior splashes around in the water.
You barely miss the orc warrior. Your headbutt misses the orc warrior.
The orc warrior is moderately wounded.
The orc warrior barely misses you.
Your unstable footing causes you to fumble your attack.
The orc warrior misses you.
You hit the orc warrior. You freeze the orc warrior.
The orc warrior is heavily wounded.
The orc warrior splashes around in the water.
You slash the orc warrior! You freeze the orc warrior.
The orc warrior is almost dead.
The orc warrior misses you. The orc warrior hits you.
* * * LOW HITPOINT WARNING * * *
You closely miss the orc warrior.
The orc warrior is almost dead.
The orc warrior hits you.
* * * LOW HITPOINT WARNING * * *
Your unstable footing causes you to fumble your attack.
The orc warrior hits you!
You die...

#.....~~~~~~~#
#.....~~~~~~~#
#.....~~~~~~~#
#.....~~~~~~~#
#.....~~~~~~~#
#.....~~~~~~~##
#.....~~~~~~~~#
#.....~~)~~~~~##
#.....~)@~~~~~~#
#.....~≈≈o≈≈≈~~~
#.....≈≈#.##≈~~~
#.....≈##.∩# ~~~
#.....≈#o...~ ~~
#.....≈##.##≈~
#.....≈≈### ≈~
#.....~≈≈≈≈ ~~
#.........


You could see an orc warrior.

Vanquished Creatures
  Prince Ribbit (D:6)
  Grinder (D:4)
  Edmund (D:4)
  Duvessa (D:4)
  2 black bears (D:5)
  An ice beast (D:6)
  2 orc warriors
  2 ogres (D:5)
  2 centaurs
  2 bullfrogs (D:6)
  Dowan (D:4)
  An orc priest (D:3)
  A hound (D:5)
  3 jellies
  A sleepcap (D:5)
  Natasha (thrice) (D:4)
  5 iguanas
  Ijyb (D:5)
  5 orc wizards
  3 gnolls (D:3)
  5 adders
  A white imp (D:5)
  An ufetubus (D:6)
  A worm (D:2)
  2 dart slugs (D:4)
  22 orcs
  3 bats
  12 endoplasms
  4 giant cockroaches
  8 goblins
  6 hobgoblins
  8 jackals
  8 ball pythons
  15 kobolds
  6 rats
141 creatures vanquished.

Notes
Turn   | Place    | Note
-------+----------+-------------------------------------------
     0 | D:1      | Kranky the Minotaur Gladiator began the quest for the Orb.
     0 | D:1      | Reached XP level 1. HP: 18/18 MP: 0/0
    62 | D:1      | Reached XP level 2. HP: 17/25 MP: 1/1
   145 | D:1      | Reached skill level 1 in Armour
   361 | D:1      | Reached XP level 3. HP: 31/31 MP: 2/2
   393 | D:1      | Found a faded altar of an unknown god.
   922 | D:2      | Noticed Sigmund
  1203 | D:3      | Reached XP level 4. HP: 30/38 MP: 3/3
  1344 | D:3      | Reached XP level 5. HP: 39/46 MP: 4/4
  1588 | D:3      | Reached skill level 5 in Polearms
  1807 | D:3      | Identified the +0 war axe "Zoimugoh" {freeze, Contam Drain
                  | Will+++ Int+4}
  1824 | D:3      | You fall into a shaft and drop 3 floors!
  1834 | D:5      | Entered Level 5 of the Dungeon
  2206 | D:3      | Reached XP level 6. HP: 42/53 MP: 5/5
  2548 | D:4      | Noticed Natasha
  2553 | D:4      | Killed Natasha
  2696 | D:4      | Noticed Grinder
  2712 | D:4      | Killed Grinder
  2713 | D:4      | Reached skill level 5 in Fighting
  2713 | D:4      | Reached skill level 1 in Axes
  2766 | D:4      | Noticed Duvessa
  2767 | D:4      | Noticed Dowan
  2774 | D:4      | HP: 2/56 [poisoned by Dowan]
  2778 | D:4      | Killed Duvessa
  2779 | D:4      | Reached XP level 7. HP: 9/61 MP: 6/6
  2781 | D:4      | Killed Dowan
  2878 | D:4      | Noticed Natasha
  2882 | D:4      | Killed Natasha
  3077 | D:4      | Noticed Natasha
  3082 | D:4      | Killed Natasha
  3340 | D:4      | Noticed Edmund
  3344 | D:4      | Killed Edmund
  3346 | D:4      | Found an opulent altar of Gozag.
  3573 | D:5      | Reached skill level 5 in Armour
  3881 | D:5      | Noticed Ijyb
  3884 | D:5      | Killed Ijyb
  3913 | D:5      | Reached XP level 8. HP: 70/70 MP: 7/7
  4681 | D:6      | Reached skill level 5 in Shields
  4852 | D:6      | Reached skill level 5 in Axes
  5309 | D:6      | Reached XP level 9. HP: 41/79 MP: 8/8
  5449 | D:6      | Found Nusara's Antique Armour Boutique.
  5509 | D:6      | Noticed Prince Ribbit
  5532 | D:6      | Killed Prince Ribbit
  5749 | D:6      | Found a staircase to the Ecumenical Temple.
  5837 | Temple   | Entered the Ecumenical Temple
  6004 | Temple   | Became a worshipper of Qazlal Stormbringer
  6044 | D:7      | Found a flagged portal.
  6053 | Bailey   | Entered a bailey
  6093 | Bailey   | Slain by an orc warrior

Illustrated notes

Levels and vault maps discovered:
D:1:      matt_arrival_los_fun, layout_basic,
          hellmonk_ecumenical_altar_crossroads, st_stairs_2, minmay_hexomino_u4
D:2:      layout_basic, uniq_sigmund
D:3:      cheibrodos_fertilizer, layout_loops_ring, grunt_ministairs_13
D:4:      layout_basic, mainiacjoe_overflow_surrounded_room,
          minmay_misc_feat_alley, uniq_grinder, uniq_edmund, uniq_duvessa,
          uniq_natasha
D:5:      layout_loops_corners, minmay_manual_monstrance, uniq_ijyb
D:6:      layout_basic, minmay_temple_entry_poolview, serial_shops, shop,
          uniq_prince_ribbit1
D:7:      minmay_slanted_spiral_squares, layout_loops_corners, xom_butterflies,
          enter_bailey_2, uniq_pikel
Temple:   hellmonk_temple_forest_ring
Bailey:   bailey_polearm_2, bailey

Skill      XL: |  1  2  3  4  5  6  7  8  9 |
---------------+----------------------------+-----
Armour         | 1 2 3 4 5 6 7 |  7.2
Polearms       | 4 5 |  5.1
Fighting       | 3 4 5 6 7 |  7.7
Throwing       | 3 |  3.5
Axes           | 2 3 5 6 |  6.1
Shields        | 2 4 5 6 |  6.0
Dodging        | |  3.2
Evocations     | |  0.4

Action                     |  1- 3 |  4- 6 |  7- 9 || total
---------------------------+-------+-------+-------++-------
  Melee: Trident           |   118 |   103 |       ||   221
         Headbutt          |     8 |    24 |    33 ||    65
         Punch             |     1 |       |       ||     1
         War axe           |       |    30 |   168 ||   198
    Use: Potion            |       |     1 |     1 ||     2
   Stab: Sleeping          |     1 |       |       ||     1
 Armour: Leather armour    |    13 |       |       ||    13
         Ring mail         |    19 |    32 |    63 ||   114
  Dodge: Dodged            |    76 |    68 |    96 ||   240
  Block: Buckler           |     7 |    15 |    44 ||    66
